 Dungeon Crawl Stone Soup version 0.27-a0-1202-ge72e49191c (webtiles) character file.

Game seed: 9182014163261123075

125 Naiya55 the Firebug (level 5, 0/42 HPs)
             Began as a Naga Fire Elementalist on June 3, 2021.
             Was an Initiate of Cheibriados.
             Slain by an orc wizard
             ... wielding a +0 dagger
              (4 damage)
             ... on level 4 of the Dungeon.
             The game lasted 00:09:09 (3699 turns).

Naiya55 the Firebug (Naga Fire Elementalist)        Turns: 3699, Time: 00:09:10

Health: 0/42       AC:  2    Str: 11    XL:     5   Next: 9%
Magic:  5/8        EV: 10    Int: 17    God:    Cheibriados [......]
Gold:   107        SH:  0    Dex: 13    Spells: 8/9 levels left

rFire    . . .     SeeInvis +   b - +2 dagger (drain)
rCold    . . .     Faith    .   (no shield)
rNeg     . . .     Spirit   .   a - +0 robe
rPois    +         Reflect  .   (no helmet)
rElec    .         Harm     .   (no cloak)
rCorr    .         Rampage  .   (no gloves)
Will     .....                  (no barding)
Stlth    ++........             (no amulet)
HPRegen  0.14/turn              (no ring)
MPRegen  0.11/turn              (no ring)

@: short of breath, very slow
A: AC +1, large, see invisible, deformed body, poison resistance, slowness 2,
spit poison 1, naga tail 1
a: Spit Poison, Renounce Religion, Bend Time


You were on level 4 of the Dungeon.
You worshipped Cheibriados.
Cheibriados was noncommittal.
You visited 1 branch of the dungeon, and saw 4 of its levels.

You collected 107 gold pieces.

Inventory:

Hand Weapons
 b - a +2 dagger of draining (weapon)
 h - a +0 spear
Armour
 a - a +0 robe (worn)
Jewellery
 e - a +6 ring of dexterity
 i - an amulet of guardian spirit
Potions
 c - 2 potions of magic
 f - 3 potions of curing {unknown}
 k - a potion of invisibility {unknown}
 l - a potion of brilliance {unknown}
 o - a potion of lignification {unknown}


   Skills:
 - Level 1.5 Dodging
 - Level 3.0 Stealth
 - Level 2.5 Spellcasting
 * Level 3.1 Conjurations
 * Level 4.2 Fire Magic
 + Level 0.6 Invocations


You had 8 spell levels left.
You knew the following spells:

 Your Spells              Type           Power      Damage    Failure   Level
a - Foxfire               Conj/Fire      56%        2x1d6     4%          1

Your spell library contained the following spells:

 Spells                   Type           Power      Damage    Failure   Level
 Shock                    Conj/Air       28%        1d4       10%         1
 Conjure Flame            Conj/Fire      14%        6-21      12%         3
 Static Discharge         Conj/Air       7%         N/A       14%         2
 Animate Skeleton         Necr           4%         N/A       19%         1
 Pain                     Necr           8%         1d4       19%         1
 Inner Flame              Hex/Fire       9%         N/A       24%         3
 Sticky Flame             Conj/Fire      14%        2d4       38%         4
 Swiftness                Air            2%         N/A       50%         3
 Fireball                 Conj/Fire      7%         3d5       75%         5
 Airstrike                Air            1%         N/A       88%         4
 Lightning Bolt           Conj/Air       3%         1d15      95%         5


Dungeon Overview and Level Annotations

Branches:
Dungeon (4/15)
 Temple: D:4-7

Altars:
Cheibriados
Yredelemnul
The Shining One


Innate Abilities, Weirdness & Mutations

Your serpentine skin is tough. (AC +1)
You have supernaturally acute eyesight. (SInv)
Armour fits poorly on your strangely shaped body.
Your system is resistant to poisons. (rPois)
You cover ground very slowly.
You can spit poison.
You have a snake-like lower body.


Message History

The orc looks frightened!
The orc wizard looks frightened!
The orc looks frightened! x2; It was a scroll of fear.
The hobgoblin zombie hits you.
* * * LOW HITPOINT WARNING * * *
The kobold zombie hits you but does no damage.
The hobgoblin zombie hits you.
* * * LOW HITPOINT WARNING * * *
The kobold zombie hits you but does no damage.
The hobgoblin zombie closely misses you.
The orc wizard seems to regain its courage.
The kobold zombie closely misses you.
The hobgoblin zombie hits you but does no damage.
The kobold zombie barely misses you. The hobgoblin zombie hits you.
* * * LOW HITPOINT WARNING * * *
The kobold zombie barely misses you.
The orc wizard hits you with a +0 dagger.
* * * LOW HITPOINT WARNING * * *
The orc wizard barely misses you.
Press: ? - help, Shift-Dir - straight line, f - orc wizard
Aim: an orc wizard, wielding a +0 dagger and wearing a +0 robe (slightly transparent)
The splash of poison hits the orc wizard!
The orc wizard is heavily wounded.
The orc wizard completely misses you.
Casting: Foxfire (safe; 4% risk of failure)
Press: ? - help, Q - select action, (/) - cycle Dir - look around, f - activate You conjure some foxfire!
The orc wizard closely misses you.
Casting: Foxfire (safe; 4% risk of failure)
Press: ? - help, Q - select action, (/) - cycle Dir - look around, f - activate
Okay, then.
Your foxfire dissipates!
The foxfire hits the orc wizard but does no damage.
The orc wizard is heavily wounded.
The orc wizard points at you and mumbles some strange words.
The puff of flame misses you.
Casting: Foxfire (safe; 4% risk of failure)
Press: ? - help, Q - select action, (/) - cycle Dir - look around, f - activate You conjure some foxfire!
The orc wizard hits you with a +0 dagger.
You die...

.#. . #.. .. .. ..
. #.## ..# #..w
..#.# ####
############.#.# #
...h..v@o.##.#.# #
#########Z##.#.# #
#.##.#.# #Z##.#.#
#Z..Z#)#########
######Z..........
........Z.........
##################


You could see an orc wizard (ally target), a kobold zombie and a jackal.

Vanquished Creatures
  Jessica (D:3)
  A hound skeleton (D:4)
  2 adders
  A white imp (D:4)
  A worm (D:3)
  2 dart slugs
  5 orcs
  4 endoplasms
  3 giant cockroaches (D:4)
  3 hobgoblins
  4 quokkas
  4 ball pythons
  4 bats
  A frilled lizard (D:2)
  5 goblins
  7 kobolds
  A kobold skeleton (D:4)
  A rat (D:1)
50 creatures vanquished.

Vanquished Creatures (others)
  82 foxfires
82 creatures vanquished.

Grand Total: 132 creatures vanquished

Notes
Turn   | Place    | Note
-------+----------+-------------------------------------------
     0 | D:1      | Naiya55 the Naga Fire Elementalist began the quest for the
                  | Orb.
     0 | D:1      | Reached XP level 1. HP: 15/15 MP: 3/3
   304 | D:1      | Reached XP level 2. HP: 10/22 MP: 5/5
   510 | D:1      | Found a faded altar of an unknown god.
  1627 | D:2      | Reached XP level 3. HP: 28/28 MP: 6/6
  2604 | D:3      | Noticed Jessica
  2612 | D:3      | Killed Jessica
  2613 | D:3      | Reached XP level 4. HP: 28/36 MP: 1/7
  2616 | D:3      | Identified Jessica's Papyrus of Black Magic
  3383 | D:3      | Found a snail-covered altar of Cheibriados.
  3389 | D:3      | Became a worshipper of Cheibriados the Contemplative
  3509 | D:4      | Reached skill level 4 in Fire Magic
  3629 | D:4      | Found a basalt altar of Yredelemnul.
  3638 | D:4      | Found a glowing golden altar of the Shining One.
  3659 | D:4      | Reached XP level 5. HP: 13/42 MP: 0/8
  3659 | D:4      | Identified a scroll of acquirement
  3659 | D:4      | Acquired a +2 barding of cold resistance
  3699 | D:4      | Slain by an orc wizard

Illustrated notes

Levels and vault maps discovered:
D:1:      psy_arrival_statuary, layout_loops_ring, shapermc_ecumenical_altar_gd,
          kennysheep_doodads, bh_walls_and_bars
D:2:      layout_loops_ring
D:3:      layout_loops_corners, chei_slow_surprise,
          hangedman_decor_diamond_cutter, hangedman_abyss_or_decor_lesser_grid,
          kennysheep_jessica_study
D:4:      layout_basic, nicolae_tso_besieged_by_evil, general_overflow_altar,
          nicolae_overflow_hidden_temple

Skill      XL: |  1  2  3  4 |
---------------+-------------+-----
Conjurations   | 2 3 |  3.1
Fire Magic     | 4 |  4.2
Dodging        | |  1.5
Stealth        | |  3.0
Spellcasting   | |  2.5
Invocations    | |  0.6

Action                   |  1- 3 |  4- 6 || total
-------------------------+-------+-------++-------
Melee: Dagger            |    32 |    14 ||    46
 Cast: Foxfire           |    22 |    29 ||    51
 Abil: Spit Poison       |    21 |    13 ||    34
  Use: Scroll            |       |     6 ||     6
 Stab: Sleeping          |     1 |       ||     1
Armor: Robe              |     2 |     8 ||    10
Dodge: Dodged            |    14 |    22 ||    36

Table legend: (Time is in decaauts)
 A = Elapsed time spent in this place.
 B = Non-inter-level travel time spent in this place.
 C = Inter-level travel time spent in this place.
 D = Time resting spent in this place.
 E = Time spent auto-exploring this place.
 F = Levels seen in this place.
 G = Mean time per level.
                   A        B        C        D        E       F      G
               +--------+--------+--------+--------+--------+-----+--------+
         Total |   4682 |   4563 |    119 |      0 |   4067 |   4 | 1170.5 |
       Dungeon |   4682 |   4563 |    119 |      0 |   4067 |   4 | 1170.5 |
               +--------+--------+--------+--------+--------+-----+--------+

Top non-repeatable levels by time:
     D:1: 1668 daAuts
     D:3: 1638 daAuts
     D:2: 996 daAuts
     D:4: 380 daAuts
